 Dungeon Crawl Stone Soup version 0.26.0-57-g60708a5e39 (webtiles) character file.

Game seed: 10884386142173238748

153 swilekon the Stinger (level 5, -3/31 HPs)
             Began as an Octopode Venom Mage on Feb 2, 2021.
             Slain by a bullfrog (7 damage)
             ... on level 3 of the Dungeon.
             The game lasted 00:15:38 (4584 turns).

swilekon the Stinger (Octopode Venom Mage)          Turns: 4584, Time: 00:15:39

Health: -3/31      AC:  1    Str: 10    XL:     5   Next: 35%
Magic:  6/9        EV: 14    Int: 18    God:
Gold:   193        SH:  0    Dex: 12    Spells: 5/9 levels left

rFire    . . .     SeeInvis .   c - +3 dagger
rCold    . . .     Faith    .   (no shield)
rNeg     . . .     Spirit   .   (helmet restricted)
rPois    .         Reflect  .   (no amulet)
rElec    .         Harm     .   (no ring)
rCorr    +         Rampage  .   (no ring)
Will     .....                  f - ring of resist corrosion
Stlth    +++.......             (no ring)
HPRegen  0.10/turn              (no ring)
MPRegen  0.11/turn              (no ring)
                                (no ring)
                                (no ring)

@: no status effects
A: almost no armour, stealthy swim, amphibious, 8 rings, constrict 8, camouflage
1, screaming 1, strong 1, gelatinous body 1, evolution 1
a: no special abilities


You were on level 3 of the Dungeon.
You visited 1 branch of the dungeon, and saw 4 of its levels.

You collected 193 gold pieces.

Inventory:

Hand Weapons
 c - a +3 dagger (weapon)
Jewellery
 f - a ring of resist corrosion (on tentacle)
Scrolls
 d - 2 scrolls of identify
Potions
 a - a potion of lignification {unknown}
 b - a potion of flight {unknown}
 g - 2 potions of invisibility {unknown}
 h - a potion of heal wounds {unknown}
 j - 3 potions of curing
 k - a potion of mutation


   Skills:
 + Level 2.8 Dodging
 + Level 3.8 Stealth
 + Level 2.7 Spellcasting
 + Level 2.1 Transmutations
 * Level 5.0 Poison Magic


You had 5 spell levels left.
You knew the following spells:

 Your Spells              Type           Power        Failure   Level
a - Sting                 Tmut/Pois      60%          3%          1
b - Mephitic Cloud        Conj/Pois/Air  8%           26%         3

Your spell library contained the following spells:

 Spells                   Type           Power        Failure   Level
 Poisonous Vapours        Pois/Air       22%          9%          2
 Ignite Poison            Fire/Tmut/Pois 11%          19%         3
 Olgreb's Toxic Radiance  Pois           20%          22%         4


Dungeon Overview and Level Annotations

Branches:
Dungeon (4/15)
 Temple: D:4-7

Altars:
The Shining One


Innate Abilities, Weirdness & Mutations

You cannot wear most types of armour.
You are very stealthy in the water. (Stealth+)
You are amphibious.
You can wear up to eight rings at the same time.
You can use your tentacles to constrict eight enemies at once.
Your skin changes colour to match your surroundings (Stealth+).
Your rubbery body absorbs attacks. (AC +1, EV +1)
You occasionally shout uncontrollably at your foes.
Your muscles are strong. (Str +2)
You evolve.


Message History

Aiming: Sting (safe; 3% risk of failure)
Press: ? - help, Shift-Dir - straight line, f/p - bullfrog
Aim: a bullfrog (lightly wounded, 33% to evade)
The sting misses the bullfrog.
The bullfrog closely misses you. The bullfrog hits you.
Casting: Sting (safe; 3% risk of failure)
Confirm with . or Enter, or press ? or * to list all spells.
Aiming: Sting (safe; 3% risk of failure)
Press: ? - help, Shift-Dir - straight line, f/p - bullfrog
Aim: a bullfrog (lightly wounded, 33% to evade)
You miscast Sting.
Nothing appears to happen.
The bullfrog hits you!
* * * LOW HITPOINT WARNING * * *
It was a potion of mutation.
You feel extremely strange.
You feel nature experimenting on you.
Don't worry, failures die fast.
You feel the urge to shout.
You feel stronger. The bullfrog closely misses you. The bullfrog misses you.
It was a potion of cancellation.
You feel magically purged.
Your magical contamination has completely faded away.
The bullfrog hits you!
You die...

#.#.#.......# #.#
#.#.#####.###########.#
#.#...................#
#.#######...###########
........#............#
#..####.#...########.#
#..<)..........(.....#
#.#.....#.#.##########
)..............F@#
#.#<....#.##.#####
#.##.##.#.##.#
#.#.....#.##.#
#.#...#.#.##.#
#.#.#.###.##.#
..#.......##.#
..####.#####.# #.####.#
#.#


You could see a bullfrog.

Vanquished Creatures
  6 gnolls (D:2)
  2 adders
  A worm (D:2)
  6 dart slugs
  A leopard gecko (D:1)
  3 giant cockroaches
  6 goblins
  7 hobgoblins
  2 jackals (D:3)
  2 quokkas
  2 ball pythons
  11 bats
  8 frilled lizards
  4 kobolds
  7 rats
68 creatures vanquished.

Notes
Turn   | Place    | Note
-------+----------+-------------------------------------------
     0 | D:1      | swilekon the Octopode Venom Mage began the quest for the
                  | Orb.
     0 | D:1      | Reached XP level 1. HP: 11/11 MP: 3/3
   103 | D:1      | Reached XP level 2. HP: 9/17 MP: 1/5
   479 | D:1      | Reached skill level 4 in Poison Magic
   911 | D:1      | Reached XP level 3. HP: 21/21 MP: 4/6
  1180 | D:2      | Learned a level 3 spell: Mephitic Cloud
  1600 | D:2      | Reached XP level 4. HP: 27/27 MP: 0/7
  2322 | D:2      | Found a glowing golden altar of the Shining One.
  3038 | D:2      | Reached XP level 5. HP: 26/31 MP: 0/8
  3908 | D:3      | Reached skill level 5 in Poison Magic
  4583 | D:3      | Gained mutation: You evolve. [potion of mutation]
  4583 | D:3      | Gained mutation: You occasionally shout uncontrollably at
                  | your foes. [potion of mutation]
  4583 | D:3      | Gained mutation: Your muscles are strong. (Str +2) [potion
                  | of mutation]
  4584 | D:3      | Slain by a bullfrog

Illustrated notes

Levels and vault maps discovered:
D:1:      lightli_arrival_lavapool, layout_basic, grunt_decor_cap,
          chequers_garden, glass_columns_a
D:2:      layout_basic, nicolae_tso_swordbearing_angel, hex_large,
          chequers_serial_rivers_micro_a
D:3:      layout_basic, fountainhead
D:4:      layout_loops_corners, uniq_eustachio

Skill      XL: |  1  2  3  4  5 |
---------------+----------------+-----
Poison Magic   | 4 5 |  5.0
Stealth        | 3 |  3.8
Transmutations | 2 |  2.1
Dodging        | |  2.8
Spellcasting   | |  2.7

Action                   |  1- 3 |  4- 6 || total
-------------------------+-------+-------++-------
Melee: Unarmed           |    17 |       ||    17
       Constrict         |    13 |    11 ||    24
       Tentacles         |     5 |     5 ||    10
       Dagger            |    18 |    46 ||    64
 Cast: Sting             |    42 |    44 ||    86
       Mephitic Cloud    |     2 |    10 ||    12
  Use: Scroll            |     6 |     5 ||    11
       Potion            |       |     2 ||     2
 Stab: Sleeping          |     3 |     7 ||    10
Armor: Skin              |    11 |     4 ||    15
Dodge: Dodged            |    25 |    44 ||    69
